 Dungeon Crawl Stone Soup version 0.21-a0-621-gc60411f (webtiles) character file.

3761 Amnesiac the Transmogrifier (level 10, -1/66 HPs)
             Began as an Octopode Transmuter on Dec 23, 2017.
             Was a Priest of Okawaru.
             Shot with an arrow by a centaur (11 damage)
             ... on level 7 of the Dungeon.
             The game lasted 00:16:20 (9179 turns).

Amnesiac the Transmogrifier (Octopode Transmuter)   Turns: 9179, Time: 00:16:21

Health: -1/66      AC:  2    Str: 11    XL:     10   Next: 15%
Magic:  14/17      EV: 25    Int: 15    God:    Okawaru [***...]
Gold:   316        SH:  4    Dex: 20    Spells: 9/19 levels left

rFire    . . .     SeeInvis .     - Unarmed
rCold    . . .     Gourm    .   (shield currently unavailable)
rNeg     . . .     Faith    .   (helmet currently unavailable)
rPois    .         Spirit   .   f - +4 amulet of reflection
rElec    .         Reflect  +   q - ring of poison resistance
rCorr    .         Harm     .   (no ring)
MR       .....                  (no ring)
Stlth    ++........             (no ring)
HPRegen  0.21/turn              (no ring)
MPRegen  0.15/turn              (no ring)
                                (no ring)
                                (no ring)

@: spider-form (expiring)
A: tiny, almost no armour, stealthy swim, (amphibious), 8 rings, (constrict 8)
a: End Transformation, Heroism, Renounce Religion


You were on level 7 of the Dungeon.
You worshipped Okawaru.
Okawaru was most pleased with you.
You were hungry.
You were a venomous arachnid creature.
You visited 1 branch of the dungeon, and saw 7 of its levels.
You also visited: Ossuary.

You collected 433 gold pieces.
You spent 117 gold pieces at shops.

Inventory:

Hand Weapons
 h - a +0 blowgun
Missiles
 a - 100 arrows
 m - 103 stones (quivered)
 B - 24 poisoned needles
Armour
 E - a +2 hat (melded)
Jewellery
 f - a +4 amulet of reflection (around neck)
 k - the ring "Jyvo" {rPois MR+++ Int+4 Slay-4 SInv}
   (You took it off an orc on level 6 of the Dungeon)

   [ring of see invisible]

   It affects your intelligence (+4).
   It affects your accuracy and damage with ranged weapons and melee attacks
   (-4).
   It protects you from poison.
   It affects your resistance to hostile enchantments.
   It lets you see invisible.
 q - a ring of poison resistance (left front leg)
Wands
 p - a wand of random effects (29)
 u - a wand of flame (24)
 C - a wand of enslavement (11)
Scrolls
 d - 3 scrolls of enchant weapon {!r}
 g - a scroll of immolation {!r, unknown}
 i - 2 scrolls of amnesia {!r, unknown}
 j - 2 scrolls of remove curse {!r}
 o - a scroll of vulnerability {!r, unknown}
 s - a scroll of random uselessness {!r, unknown}
 v - a scroll of blinking {!r, unknown}
 x - 2 scrolls of magic mapping {!r}
 y - a scroll of fear {!r, unknown}
 z - 2 scrolls of teleportation {!r, unknown}
 A - 2 scrolls of fog {!r}
 G - a scroll of summoning {!r}
Potions
 e - 2 potions of berserk rage {!q}
 l - a potion of lignification {!q}
 n - 4 potions of curing {!q}
 r - 5 potions of brilliance {!q}
 t - a potion of invisibility {!q}
 w - a potion of heal wounds {!q}
 D - a potion of magic {!q, unknown}
 F - 2 potions of cancellation {!q}
Books
 b - a book of Changes

   Spells                             Type                      Level
   a - Beastly Appendage              Transmutation                1
   b - Sticks to Snakes               Transmutation                2
   c - Spider Form                    Transmutation/Poison         3
   d - Ice Form                       Ice/Transmutation            4
   e - Blade Hands                    Transmutation                5
Comestibles
 c - 21 rations
 H - a chunk of flesh


   Skills:
 + Level 5.5 Fighting
 + Level 5.7 Dodging
 * Level 8.1 Unarmed Combat
 + Level 5.1 Spellcasting
 * Level 8.1 Transmutations


You had 9 spell levels left.
You knew the following spells:

 Your Spells              Type           Power        Failure   Level  Hunger
a - Beastly Appendage     Tmut           ####..       3%          1    None
b - Sticks to Snakes      Tmut           ####....     4%          2    ##.....
c - Ice Form              Ice/Tmut       ###.....     52%         4    ####...
e - Spider Form           Tmut/Pois      ###.......   22%         3    ###....


Dungeon Overview and Level Annotations

Branches:
Dungeon (7/15)             Temple (0/1) D:7

Altars:
Cheibriados
Dithmenos
Fedhas
Makhleb
Okawaru
Ru
Vehumet
Zin
The Shining One

Shops:
D:4 *


Innate Abilities, Weirdness & Mutations

You cannot wear most types of armour.
You are very stealthy in the water. (Stealth+)
((You are amphibious.))
You can wear up to eight rings at the same time.
((You can use your tentacles to constrict eight enemies at once.))
((Your skin changes colour to match your surroundings (Stealth+).))
((Your rubbery body absorbs attacks. (AC +1, EV +1)))


Message History

You bite the gnoll!
The gnoll is poisoned.
The gnoll is heavily wounded.
The gnoll closely misses you.
You hit the gnoll.
The gnoll looks as sick as possible!
The gnoll is almost dead.
The gnoll completely misses you.
You hit the gnoll.
You kill the gnoll!
Okawaru accepts your kill.
You hit the centaur.
The centaur is poisoned.
The centaur is lightly wounded.
The centaur wields a shortbow.
The centaur shoots an arrow.
The arrow closely misses you. You block the centaur's attack.
You barely miss the ogre. The centaur hits you. The ogre completely misses you.
You hit the centaur.
The centaur looks even sicker.
The centaur is moderately wounded.
You block the centaur's attack.
You hit the centaur but do no damage.
The centaur looks as sick as possible!
The centaur is moderately wounded.
The centaur completely misses you. The ogre completely misses you.
You bite the ogre!
The ogre is moderately wounded.
Your transformation has ended.
The centaur hits you!
You tentacle-slap the ogre.
The ogre is moderately wounded.
You block the centaur's attack.
The ogre hits you with a giant spiked club!
The centaur hits you.
* * * LOW HITPOINT WARNING * * *
Casting: Spider Form
Confirm with . or Enter, or press ? or * to list all spells.
You turn into a venomous arachnid creature.
The centaur completely misses you. The gnoll sergeant misses you.
You block the ogre's attack.
Unknown command.
You bite the ogre!
The ogre is severely wounded.
You block the centaur's attack.
The gnoll sergeant hits you from afar with a trident.
* * * LOW HITPOINT WARNING * * *
The centaur completely misses you.
You hit the ogre but do no damage.
The ogre is poisoned.
The ogre is severely wounded.
The ogre hits you with a giant spiked club!!
* * * LOW HITPOINT WARNING * * *
The centaur barely misses you. You block the gnoll sergeant's attack.
Unknown command.
You kill the centaur!
Okawaru accepts your kill.
There is an escape hatch in the floor here.
There is an open gate here.
You kill the ogre!
Okawaru accepts your kill.
The centaur shoots an arrow.
The arrow completely misses you.
You hit the plant.
The plant is lightly damaged.
You hit the plant.
The plant is poisoned.
The plant is lightly damaged.
Unknown command.
The centaur shoots an arrow.
The arrow closely misses you.
Your transformation is almost over.
The centaur shoots an arrow.
The arrow hits you!
You die...

...# #.# #.##### #........#
...# ##.### #.# #........# ...#
#..[.# #.# #........# ####
#....###.### #........#
#..........#####........#
###########......(.....########
.##.##..###......#####..#####
..................##........#
......P.P......(s..........[#
.P.P..P♣P♣P.....P.P.........#
♣P♣P..PP♣PP....gP♣P.....#####
#♣♣♣..P♣♣♣♣..c.♣PPP♣P...# #####
##'''#PPPPP...## h.h..
#(.)#P♣♣♣P♣...# # .......
#.>.### #♣PP..# # ... #...#
♣P♣..# # #[))# ♣PP..#


You could see a gnoll sergeant and a centaur.

Vanquished Creatures
  The ghost of tidbits the Firebug, a novice GnFE of Cheibriados (D:7)
  Prince Ribbit (D:6)
  Menkaure (D:5)
  Edmund (D:4)
  Duvessa (D:5)
  An orc warrior (D:6)
  2 sky beasts
  3 ogres (D:7)
  A necrophage (D:7)
  A phantom (D:5)
  2 centaurs
  Blork the orc (D:4)
  A big kobold (D:6)
  4 bullfrogs
  Dowan (D:5)
  9 scorpions
  4 crimson imps
  2 centaur zombies (Ossuary)
  2 human zombies (Ossuary)
  2 bullfrog skeletons (D:5)
  An orc priest (D:6)
  Crazy Yiuf (D:2)
  4 hounds
  A gnoll shaman (D:7)
  5 iguanas
  Terence (D:2)
  Ijyb (D:5)
  Natasha (thrice) (D:2)
  3 orc wizards
  2 worker ants
  A big kobold zombie (Ossuary)
  3 mummies (Ossuary)
  A worker ant zombie (D:5)
  5 adders
  6 gnolls
  2 scorpion zombies (Ossuary)
  A shadow imp (D:7)
  An adder skeleton (D:7)
  5 worms
  2 dart slugs
  A leopard gecko (D:4)
  13 orcs
  8 bats
  6 giant cockroaches
  5 goblins
  11 hobgoblins
  11 jackals
  6 quokkas
  A ball python zombie (D:5)
  6 frilled lizards
  A goblin zombie (Ossuary)
  2 jackal skeletons
  14 kobolds
  2 kobold zombies (Ossuary)
  2 orc zombies (Ossuary)
  7 rats
186 creatures vanquished.

Vanquished Creatures (collateral kills)
  An orc (D:6)
1 creature vanquished.

Vanquished Creatures (others)
  A goblin zombie (Ossuary)
1 creature vanquished.

Grand Total: 188 creatures vanquished

Notes
Turn   | Place    | Note
-------+----------+-------------------------------------------
     0 | D:1      | Amnesiac the Octopode Transmuter began the quest for the Orb.
     0 | D:1      | Reached XP level 1. HP: 13/13 MP: 3/3
   198 | D:2      | Reached XP level 2. HP: 2/19 MP: 5/5
   443 | D:2      | Learned a level 2 spell: Sticks to Snakes
   585 | D:1      | Reached XP level 3. HP: 24/24 MP: 6/6
   590 | D:1      | Learned a level 3 spell: Spider Form
  1109 | D:2      | Noticed Terence
  1272 | D:2      | Killed Terence
  1272 | D:2      | Reached XP level 4. HP: 29/29 MP: 3/7
  1319 | D:2      | Found a glowing golden altar of the Shining One.
  1469 | D:2      | Noticed Natasha
  1492 | D:2      | Killed Natasha
  1492 | D:2      | Reached XP level 5. HP: 16/35 MP: 8/8
  1832 | D:2      | Noticed Natasha
  1838 | D:2      | Killed Natasha
  1939 | D:2      | Found a runed door.
  2249 | D:2      | Noticed Crazy Yiuf
  2261 | D:2      | Killed Crazy Yiuf
  2371 | D:2      | Noticed Natasha
  2379 | D:2      | Killed Natasha
  2724 | D:3      | Reached XP level 6. HP: 41/41 MP: 9/9
  2730 | D:3      | Learned a level 4 spell: Ice Form
  3195 | D:4      | Found a sand-covered staircase.
  3206 | Ossuary  | Entered an ossuary
  3839 | Ossuary  | Reached XP level 7. HP: 46/46 MP: 11/11
  4070 | Ossuary  | Reached skill level 5 in Unarmed Combat
  4070 | Ossuary  | Reached skill level 5 in Transmutations
  4522 | D:4      | Reached XP level 8. HP: 51/52 MP: 13/13
  4928 | D:4      | Found a glowing silver altar of Zin.
  4928 | D:4      | Found an iron altar of Okawaru.
  4930 | D:4      | Found a sacrificial altar of Ru.
  4932 | D:4      | Found a burning altar of Makhleb.
  4933 | D:4      | Found a snail-covered altar of Cheibriados.
  4940 | D:4      | Became a worshipper of Warmaster Okawaru
  5025 | D:4      | Noticed Blork the orc
  5025 | D:4      | Noticed Edmund
  5040 | D:4      | Killed Blork the orc
  5321 | D:4      | Found Neimnat's Assorted Antiques.
  5324 | D:4      | Bought a scroll labeled TIANUG QEPT for 25 gold pieces
  5324 | D:4      | Bought a scroll labeled ONOCHAXOPH for 25 gold pieces
  5324 | D:4      | Bought 2 brown potions for 45 gold pieces
  5324 | D:4      | Bought a murky amethyst potion for 22 gold pieces
  5645 | D:4      | Killed Edmund
  6033 | D:5      | Entered Level 5 of the Dungeon
  6044 | D:5      | Noticed Ijyb
  6056 | D:5      | Killed Ijyb
  6086 | D:5      | Noticed Duvessa
  6090 | D:5      | Noticed Dowan
  6106 | D:5      | Killed Duvessa
  6113 | D:5      | Killed Dowan
  6162 | D:5      | Found a shadowy altar of Dithmenos.
  6319 | D:5      | Reached * piety under Okawaru
  6728 | D:5      | Noticed Menkaure
  6739 | D:5      | Killed Menkaure
  6739 | D:5      | Reached XP level 9. HP: 7/59 MP: 11/15
  7543 | D:6      | Reached ** piety under Okawaru
  7810 | D:6      | Noticed Prince Ribbit
  7831 | D:6      | Killed Prince Ribbit
  7831 | D:6      | Reached skill level 5 in Dodging
  7961 | D:6      | Got a sparkling platinum ring
  8188 | D:6      | Reached skill level 5 in Fighting
  8315 | D:7      | Noticed tidbits's ghost (novice GnFE)
  8315 | D:7      | Identified the ring "Jyvo" {rPois MR+++ Int+4 Slay-4 SInv} (You took it off an orc on level 6 of the Dungeon)
  8375 | D:7      | HP: 3/91 [tidbits's ghost/flame tongue (16)]
  8379 | D:7      | Killed tidbits's ghost
  8388 | D:7      | Reached *** piety under Okawaru
  8667 | D:7      | Reached skill level 5 in Spellcasting
  8667 | D:7      | Reached XP level 10. HP: 59/66 MP: 12/17
  8942 | D:7      | Found a blossoming altar of Fedhas.
  9012 | D:7      | Found a staircase to the Ecumenical Temple.
  9045 | D:7      | Found a radiant altar of Vehumet.
  9179 | D:7      | Shot with an arrow by a centaur

Vault maps used:
D:1:      scummos_arrival_star, minmay_domino_2
D:2:      tso_metal_star, first_ration, kennysheep_generic_room_8, uniq_natasha,
          uniq_terence, uniq_crazy_yiuf_cottage
D:4:      grunt_temple_overflow_open, enter_ossuary_1, serial_shops,
          kennysheep_mini, st_stairs_5, minmay_strange_pillars,
          uniq_blork_the_orc, uniq_edmund
D:5:      grunt_dithmenos_smoke, uniq_menkaure, uniq_duvessa, uniq_ijyb
D:6:      uniq_prince_ribbit1
D:7:      kennysheep_housing_project, vehumet_altar_wand_db, fedhas_altar_4,
          minmay_temple_entry_statues_fountains
Ossuary:  ossuary_minmay_scorpions

Skill      XL: |  1  2  3  4  5  6  7  8  9 10 |
---------------+-------------------------------+-----
Fighting       | 2 3 4 5 |  5.5
Transmutations | 3 4 5 6 7 8 |  8.1
Unarmed Combat | 4 5 6 7 8 |  8.1
Dodging        | 3 4 5 |  5.7
Spellcasting   | 3 4 5 |  5.1

Action                   |  1- 3 |  4- 6 |  7- 9 | 10-12 || total
-------------------------+-------+-------+-------+-------++-------
Melee: Unarmed           |    68 |   150 |   359 |    55 ||   632
       Tentacles         |    11 |    23 |    37 |       ||    71
       Constrict         |    11 |    27 |    48 |       ||    86
       Punch             |     3 |     3 |    15 |     1 ||    22
Throw: Stone             |       |    80 |   151 |     2 ||   233
 Cast: Spider Form       |     1 |     3 |    20 |     3 ||    27
       Sticks to Snakes  |       |       |     4 |       ||     4
       Ice Form          |       |       |       |     1 ||     1
Evoke: Wand              |       |       |    11 |       ||    11
  Use: Scroll            |       |     6 |     8 |       ||    14
       Potion            |       |       |     8 |       ||     8
 Stab: Sleeping          |     1 |     2 |     1 |       ||     4
  Eat: Chunk             |     1 |     6 |    13 |     2 ||    22
       Ration            |       |     1 |     1 |       ||     2
Armor: Skin              |     1 |    13 |    51 |     4 ||    69
Dodge: Dodged            |    44 |    83 |   194 |    38 ||   359
Block: Other             |       |     4 |    48 |     9 ||    61
       Reflection        |       |       |     2 |       ||     2

Table legend:
 A = Spawn XP
 B = Non-spawn XP
 C = Spawn XP percentage of total XP
 D = Spawn monster count
 E = Non-spawn monster count
 F = Spawn count percentage of total count
 G = Total turns spent on level
                    A         B        C        D         E        F      G
               +---------+---------+-------+---------+---------+-------+---------
         Total |       0 |    5374 |   0.0 |       0 |     187 |   0.0 |  9179
               +---------+---------+-------+---------+---------+-------+---------
           D:1 |       0 |      39 |   0.0 |       0 |      15 |   0.0 |   670
           D:2 |       0 |     260 |   0.0 |       0 |      29 |   0.0 |  1728
           D:3 |       0 |      47 |   0.0 |       0 |      23 |   0.0 |  1155
           D:4 |       0 |     498 |   0.0 |       0 |      18 |   0.0 |  1180
           D:5 |       0 |     829 |   0.0 |       0 |      18 |   0.0 |  1388
           D:6 |       0 |    1318 |   0.0 |       0 |      33 |   0.0 |   892
           D:7 |       0 |    1543 |   0.0 |       0 |      28 |   0.0 |   866
       Ossuary |       0 |     840 |   0.0 |       0 |      23 |   0.0 |  1300
               +---------+---------+-------+---------+---------+-------+---------
